 Dungeon Crawl Stone Soup version 0.30-a0-715-gdb4ae3ece1 (webtiles) character file.

Game seed: 9109898207568441995

39 browni3141 the Caller (level 3, 0/31 HPs)
             Began as a Naga Summoner on Jan 24, 2023.
             Frozen to death by an endoplasm (3 damage)
             ... on level 2 of the Dungeon.
             The game lasted 00:02:00 (1485 turns).

browni3141 the Caller (Naga Summoner)               Turns: 1485, Time: 00:02:01

Health: 0/31       AC:  2    Str: 10    XL:     3   Next: 47%
Magic:  6/6        EV:  9    Int: 17    God:
Gold:   88         SH:  0    Dex: 11    Spells: 0/6 levels left

rFire   . . .      SeeInvis +    e - +1 short sword (vamp)
rCold   . . .      Faith    .    (no shield)
rNeg    . . .      Spirit   .    a - +0 robe
rPois   +          Reflect  .    (no helmet)
rElec   .          Harm     .    (no cloak)
rCorr   .          Rampage  .    (no gloves)
Will    .....                    (no barding)
Stlth   ++                       (no amulet)
HPRegen 0.25/turn                (no ring)
MPRegen 0.10/turn                (no ring)

@: short of breath, very slow
A: AC +1, large, see invisible, deformed body, poison resistance, slowness 2,
spit poison 1, naga tail 1
a: Spit Poison


You were on level 2 of the Dungeon.
You visited 1 branch of the dungeon, and saw 2 of its levels.

You collected 88 gold pieces.

Inventory:

Hand Weapons
 e - a +1 vampiric short sword (weapon)
Armour
 a - a +0 robe (worn)
Scrolls
 d - a scroll of amnesia {unknown}
 g - a scroll of fear {unknown}
 h - a scroll of enchant weapon {unknown}
 i - 2 scrolls of teleportation {unknown}
Potions
 b - 2 potions of magic
 c - a potion of haste {unknown}
 f - a potion of attraction {unknown}
 j - a potion of curing {unknown}


   Skills:
 - Level 1.0 Fighting
 - Level 1.5 Dodging
 - Level 3.0 Stealth
 - Level 2.0 Spellcasting
 * Level 5.0 Summonings


You couldn't memorise any spells.
You knew the following spells:

 Your Spells              Type           Power      Damage    Failure   Level
a - Summon Small Mammal   Summ           72%        N/A       2%          1
b - Call Imp              Summ           18%        N/A       3%          2
c - Call Canine Familiar  Summ           18%        N/A       8%          3

Your spell library contained the following spells:

 Spells                   Type           Power      Damage    Failure   Level
 Summon Guardian Golem    Hex/Summ       10%        N/A       21%         3
 Ensorcelled Hibernation  Hex/Ice        2%         N/A       28%         2
 Spider Form              Tmut/Pois      1%         N/A       50%         3
 Summon Lightning Spire   Summ/Air       10%        N/A       56%         4
 Anguish                  Hex/Necr       0%         N/A       88%         4


Dungeon Overview and Level Annotations

Branches:
Dungeon (2/15)

Altars:
Okawaru


Innate Abilities, Weirdness & Mutations

Your serpentine skin is tough. (AC +1)
You have supernaturally acute eyesight. (SInv)
Armour fits poorly on your strangely shaped body.
Your system is resistant to poisons. (rPois)
You cover ground very slowly.
You can spit poison.
You have a snake-like lower body.


Message History

The adder bites you.
You barely miss the adder.
The adder is severely wounded.
The endoplasm freezes you.
You are frozen.
The adder bites you.
You barely miss the adder.
The adder is severely wounded.
The adder bites you but does no damage. The endoplasm misses you.
You miss the adder.
The adder is severely wounded.
The adder bites you. The endoplasm hits you. The adder barely misses you.
You barely miss the adder.
The adder is severely wounded.
The endoplasm hits you but does no damage.
The adder barely misses you.
You hit the adder but do no damage.
The adder is severely wounded.
The adder bites you. The endoplasm hits you.
You miss the adder.
The adder is severely wounded.
The adder bites you. The endoplasm freezes you.
You are frozen.
* * * LOW HITPOINT WARNING * * *
You are too injured to fight recklessly!
The adder closely misses you. The adder attacks as you move away!
The adder bites you.
* * * LOW HITPOINT WARNING * * *
The endoplasm closely misses you. The adder bites you but does no damage.
The endoplasm freezes you.
You are frozen.
* * * LOW HITPOINT WARNING * * *
Aiming: Spit Poison (2% risk of failure)
Press: ? - help, Shift-Dir - straight line, f - adder
Aim: an adder (severely wounded, 37% to hit)
The splash of poison hits the adder.
The adder is poisoned.
You kill the adder!
The endoplasm freezes you.
You are frozen.
You die...

##### #...# #...#
#...#
########...#####.
#.......J........
##.#####.@.#####..
###........
#.######. #.<...#
#...#....#
...........
####.##### # ...
#.##


You could see an endoplasm.

Vanquished Creatures
  An adder (D:2)
  A worm (D:2)
  3 endoplasms
  2 giant cockroaches (D:1)
  A goblin (D:1)
  2 ball pythons
  A bat (D:1)
  2 kobolds (D:1)
  A rat (D:1)
14 creatures vanquished.

Vanquished Creatures (collateral kills)
  An adder (D:2)
  2 worms (D:2)
  A dart slug (D:2)
  3 ball pythons (D:1)
  A kobold (D:1)
8 creatures vanquished.

Grand Total: 22 creatures vanquished

Notes
Turn   | Place    | Note
-------+----------+-------------------------------------------
     0 | D:1      | browni3141 the Naga Summoner began the quest for the Orb.
     0 | D:1      | Reached XP level 1. HP: 15/15 MP: 3/3
   268 | D:1      | Reached skill level 1 in Fighting
   402 | D:1      | Reached XP level 2. HP: 3/25 MP: 1/5
  1074 | D:2      | Reached XP level 3. HP: 12/31 MP: 2/6
  1195 | D:2      | Found an iron altar of Okawaru.
  1212 | D:2      | Learned a level 2 spell: Call Imp
  1216 | D:2      | Learned a level 3 spell: Call Canine Familiar
  1260 | D:2      | Reached skill level 5 in Summonings
  1485 | D:2      | Frozen to death by an endoplasm

Illustrated notes

Levels and vault maps discovered:
D:1:      scummos_arrival_gate, layout_loops_corners, nrook_uturn,
          amcnicky_mini_pool_small, minmay_misc_feat_roman
D:2:      layout_basic, basic_altar, uniq_robin, uniq_crazy_yiuf_cottage

Skill      XL: |  1  2  3 |
---------------+----------+-----
Fighting       | 1 |  1.0
Summonings     | 5 |  5.0
Dodging        | |  1.5
Stealth        | |  3.0
Spellcasting   | |  2.0

Action                     || total
---------------------------++-------
  Melee: Unarmed           ||    21
         Short sword       ||    71
         Punch             ||     2
   Cast: Summon Small Mamm ||    19
         Call Imp          ||     3
Ability: Spit Poison       ||     2
   Stab: Sleeping          ||     9
 Armour: Robe              ||     8
  Dodge: Dodged            ||    56

Table legend: (Time is in decaauts)
 A = Elapsed time spent in this place.
 B = Non-inter-level travel time spent in this place.
 C = Inter-level travel time spent in this place.
 D = Time resting spent in this place.
 E = Time spent auto-exploring this place.
 F = Levels seen in this place.
 G = Mean time per level.
                   A        B        C        D        E       F      G
               +--------+--------+--------+--------+--------+-----+--------+
         Total |   1862 |   1768 |     94 |     28 |   1395 |   2 |  931.0 |
       Dungeon |   1862 |   1768 |     94 |     28 |   1395 |   2 |  931.0 |
               +--------+--------+--------+--------+--------+-----+--------+

Top non-repeatable levels by time:
     D:1: 1352 daAuts
     D:2: 510 daAuts
